 Dungeon Crawl Stone Soup version 0.23.2-1-ga50397a6bc (webtiles) character file.

Game seed: 12120267273045707164

273 Freyura the Slasher (level 6, -6/47 HPs)
             Began as a Vampire Fighter on May 12, 2019.
             Mangled by an iguana (7 damage)
             ... on level 4 of the Dungeon.
             The game lasted 00:09:37 (3420 turns).

Freyura the Slasher (Vampire Fighter)               Turns: 3420, Time: 00:09:38

Health: -6/47      AC: 10    Str: 20    XL:     6   Next: 3%
Magic:  6/6        EV:  9    Int: 10    God:
Gold:   145        SH:  9    Dex: 16    Spells: 5/5 levels left

rFire    . . .     SeeInvis +   a - +0 long sword
rCold    + + .     Gourm    .   c - +0 shield
rNeg     + + .     Faith    .   b - +0 scale mail
rPois    +         Spirit   .   p - +0 helmet
rElec    +         Reflect  .   (no cloak)
rCorr    .         Harm     .   d - +1 pair of gloves
MR       +....                  (no boots)
Stlth    ++........             (no amulet)
HPRegen  0.07/turn              o - ring of protection from magic
MPRegen  0.10/turn              (no ring)

@: mighty, regenerating slowly
A: fangs 3, see invisible, cold resistance 1, electricity resistance,
unbreathing, sturdy frame 1
a: Bat Form


You were on level 4 of the Dungeon.
You were near bloodless.

You visited 1 branch of the dungeon, and saw 4 of its levels.

You collected 145 gold pieces.

Inventory:

Hand Weapons
 a - a +0 long sword (weapon)
Armour
 b - a +0 scale mail (worn)
 c - a +0 shield (worn)
 d - a +1 pair of gloves (worn)
 p - a +0 helmet (worn)
Jewellery
 o - a ring of protection from magic (left hand)
 r - a +2 ring of protection {unknown}
Wands
 m - a wand of flame (22)
Scrolls
 f - a scroll of fear
 g - 2 scrolls of identify
 j - a scroll of magic mapping {unknown}
 k - a scroll of teleportation {unknown}
 l - a scroll of fog {unknown}
Potions
 e - 16 potions of blood
 h - 3 potions of brilliance
 n - a potion of invisibility
 q - a potion of haste


   Skills:
 + Level 3.4 Fighting
 * Level 4.0 Long Blades
 + Level 3.2 Armour
 + Level 2.2 Dodging
 + Level 3.4 Shields


You had 5 spell levels left.
You didn't know any spells.
Your spell library contained the following spells:

 Spells                   Type           Power        Failure   Level  Hunger
 Magic Dart               Conj           #...         97%         1    ##.....
 Blink                    Tloc           N/A          99%         2    ###....
 Call Imp                 Summ           #.......     99%         2    ###....
 Slow                     Hex            #.......     99%         2    ###....
 Conjure Flame            Conj/Fire      #.......     100%        3    ####...
 Mephitic Cloud           Conj/Pois/Air  #.......     100%        3    ####...


Dungeon Overview and Level Annotations

Branches:
Dungeon (4/15)
 Temple: D:4-7

Altars:


Innate Abilities, Weirdness & Mutations

You heal slowly.
You have razor-sharp teeth.
You have supernaturally acute eyesight. (SInv)
You can survive without breathing.
Your flesh is cold resistant. (rC+)
You are resistant to electric shocks. (rElec)
Your movements are slightly less encumbered by armour. (ER -2)


Message History

You closely miss the iguana.
The iguana is lightly wounded.
The iguana closely misses you. x2
Your shield and scale mail prevent you from hitting the iguana.
The iguana is lightly wounded.
The iguana bites you.
* * * LOW HITPOINT WARNING * * *
You hit the iguana but do no damage.
The iguana is lightly wounded.
The iguana bites you!
* * * LOW HITPOINT WARNING * * *
Your scale mail prevents you from hitting the iguana.
The iguana is lightly wounded.
The iguana closely misses you.
You completely miss the iguana.
The iguana is lightly wounded.
The iguana completely misses you. x2
You feel very mighty all of a sudden. The iguana bites you!
You die...

.# ##.## .####..# ..
.##....## #+ ..
.##.....# #.# .#
###.....## #.# .#
###.....(###.# .#
#............# .#
#.####.......####.####
#.## #.....†...l@....#
...# ###......#...$..#
#.## ##.....#......#
#.# #.....#......# #.#
##.#..#......# #.#
##.#..#....$.# #.#+
##.....#......#
...#####..#...#......#
.⌠........#...#


You could see an iguana.

Vanquished Creatures
  A scorpion (D:4)
  A worker ant (D:4)
  3 gnolls (D:3)
  6 adders
  2 oozes
  3 worms
  6 dart slugs
  3 leopard geckos
  2 orcs (D:3)
  2 ball pythons (D:2)
  4 bats
  4 giant cockroaches
  16 goblins
  7 hobgoblins
  2 jackals (D:2)
  8 kobolds
  2 quokkas
  7 frilled lizards
  6 rats
85 creatures vanquished.

Notes
Turn   | Place    | Note
-------+----------+-------------------------------------------
     0 | D:1      | Freyura the Vampire Fighter began the quest for the Orb.
     0 | D:1      | Reached XP level 1. HP: 17/17 MP: 1/1
    29 | D:1      | Reached XP level 2. HP: 15/23 MP: 2/2
   486 | D:1      | Reached XP level 3. HP: 19/28 MP: 3/3
   988 | D:2      | Reached skill level 1 in Dodging
  1229 | D:2      | Reached skill level 3 in Long Blades
  1305 | D:2      | Reached XP level 4. HP: 35/35 MP: 4/4
  2027 | D:3      | Reached XP level 5. HP: 26/41 MP: 5/5
  2276 | D:3      | Found a faded altar of an unknown god.
  3179 | D:3      | Gained mutation: Your movements are slightly less
                  | encumbered by armour. (ER -2) [potion of mutation]
  3179 | D:3      | Gained mutation: Your flesh is cold resistant. (rC+)
                  | [potion of mutation]
  3179 | D:3      | Gained mutation: You are resistant to electric shocks.
                  | (rElec) [potion of mutation]
  3365 | D:4      | Reached skill level 4 in Long Blades
  3365 | D:4      | Reached XP level 6. HP: 25/47 MP: 6/6
  3417 | D:4      | HP: 1/47 [iguana (10)]
  3420 | D:4      | Mangled by an iguana

Skill      XL: |  1  2  3  4  5 |
---------------+----------------+-----
Fighting       | 3 |  3.4
Dodging        | 1 2 |  2.2
Shields        | 3 |  3.4
Long Blades    | 3 4 |  4.0
Armour         | 3 |  3.2

Action                   |  1- 3 |  4- 6 || total
-------------------------+-------+-------++-------
Melee: Long sword        |   129 |   166 ||   295
       Bite              |    15 |    23 ||    38
  Use: Potion            |       |     9 ||     9
       Scroll            |       |     6 ||     6
 Stab: Sleeping          |       |     4 ||     4
Armor: Scale mail        |    81 |    65 ||   146
Dodge: Dodged            |    50 |    61 ||   111
Block: Shield            |    52 |    83 ||   135
       Rpst.: Long sword |    18 |    14 ||    32
